 Dungeon Crawl Stone Soup version 0.30-a0-777-ga9a30cbeda (webtiles) character file.

Game seed: 17629854246275307480

697 Dirtsage the Ruffian (level 7, 0/52 HPs)
             Began as a Demonspawn Fighter on Feb 14, 2023.
             Slain by a wraith (6 damage)
             ... on level 4 of the Dungeon.
             The game lasted 00:11:26 (3897 turns).

Dirtsage the Ruffian (Demonspawn Fighter)           Turns: 3897, Time: 00:11:27

Health: 0/52       AC: 10    Str: 15 (18) XL:     7   Next: 38%
Magic:  7/7        EV: 11    Int:  6 (9)  God:
Gold:   251        SH:  4    Dex: 12 (13) Spells: 6/6 levels left

rFire   . . .      SeeInvis .      - Unarmed
rCold   . . .      Faith    .    c - +0 buckler
rNeg    . . .      Spirit   .    q - +0 chain mail
rPois   .          Reflect  .    (helmet restricted)
rElec   .          Harm     .    (no cloak)
rCorr   .          Rampage  .    t - +0 pair of gloves
Will    .....                    (no boots) Stlth
                                 (no amulet)
HPRegen 0.28/turn                g - +5 ring of evasion
MPRegen 0.10/turn                (no ring)

@: mighty, attractive, slowed, very slow
A: hooves 1, horns 2, demonic guardian 1
a: no special abilities


You were on level 4 of the Dungeon.
You visited 1 branch of the dungeon, and saw 4 of its levels.
You also visited: Ossuary.

You collected 251 gold pieces.

Inventory:

Hand Weapons
 a - a +0 flail
Missiles
 r - 3 throwing nets (quivered)
Armour
 b - a +0 scale mail
 c - a +0 buckler (worn)
 o - a +0 helmet
 q - a +0 chain mail (worn)
 t - a +0 pair of gloves (worn)
Jewellery
 g - a +5 ring of evasion (left hand)
 u - a ring of fire
Scrolls
 e - 3 scrolls of identify {unknown}
 f - 2 scrolls of noise {unknown}
 i - 2 scrolls of immolation {unknown}
 j - 2 scrolls of teleportation {unknown}
 k - a scroll of vulnerability {unknown}
 l - a scroll of enchant weapon {unknown}
 m - a scroll of fear {unknown}
 n - 3 scrolls of fog
 p - a scroll of acquirement {unknown}
 v - a scroll of amnesia {unknown}
 x - a scroll of poison {unknown}
Potions
 h - 2 potions of haste
 s - a potion of attraction
 w - 4 potions of flight
 z - a potion of berserk rage {unknown}
 A - a potion of heal wounds {unknown}
 B - a potion of lignification {unknown}
 D - a potion of invisibility


   Skills:
 + Level 3.2 Fighting
 - Level 2.5 Maces & Flails
 - Level 2.6 Armour
 + Level 2.9 Shields
 * Level 6.9 Unarmed Combat


You had 6 spell levels left.
You didn't know any spells.
Your spell library contained the following spells:

 Spells                   Type           Power      Damage    Failure   Level
 Inner Flame              Hex/Fire       0%         N/A       100%        3
 Flame Wave               Conj/Fire      0%         2d4       100%        4
 Sticky Flame             Conj/Fire      0%         2d3       100%        4


Dungeon Overview and Level Annotations

Branches:
Dungeon (4/15)            Ossuary (visited)
 Temple: D:4-7

Altars:
Cheibriados
Uskayaw
Xom


Innate Abilities, Weirdness & Mutations

You have large cloven feet.
You have a pair of horns on your head.
A weak demonic guardian rushes to your aid.


Message History

You feel as though you will be slow longer.
You take 10 damage, and have 25/52 hp.
You closely miss the wraith. Your kick misses the wraith.
Your headbutt misses the wraith. The wraith hits you!
The wraith drains your vigour!
You feel as though you will be slow longer.
You take 7 damage, and have 18/52 hp.
You hit the wraith but do no damage. Your kick misses the wraith.
Your headbutt misses the wraith. The wraith hits you but does no damage.
The wraith hits you.
* * * LOW HITPOINT WARNING * * *
You take 5 damage, and have 13/52 hp.
You closely miss the wraith. Your headbutt misses the wraith.
The wraith hits you but does no damage.
You hit the wraith but do no damage. You kick the wraith, but do no damage.
Your headbutt misses the wraith. The wraith closely misses you.
You barely miss the wraith. Your kick misses the wraith.
Your headbutt misses the wraith.
The wraith hits you but does no damage. x2
You hit the wraith but do no damage. Your headbutt misses the wraith.
The wraith hits you!
* * * LOW HITPOINT WARNING * * *
A demonic guardian appears!
The wraith drains your vigour!
You feel as though you will be slow longer.
You take 10 damage, and have 4/52 hp.
Okay, then.
It was a potion of attraction.
You feel attractive to monsters. You block the wraith's attack.
Your iron imp misses the wraith.
It was a potion of degeneration.
There was something very wrong with that liquid.
You feel weakened.
You feel dopey.
You feel clumsy. The wraith closely misses you.
Your iron imp misses the wraith.
The wraith barely misses you.
You barely miss the wraith. The wraith closely misses you.
Your iron imp hits the wraith!
You hit the wraith.
The wraith is moderately damaged.
You block the wraith's attack.
Your iron imp barely misses the wraith.
The wraith hits you.
You die...

. .## #. ..## #.###
#..# ...# ####.. #.##
#....#
#######§§######.##.####
#.....§§5.............#
#...###W###.###'###..##
# #@##...##.##..##
###.. ###.....###..####
#... #.......#......##
#.#. ..###+###.........
... ... #..#.###.## #..
.# #..... #.# #.#
#..#### #.# #.# #.....#
#.# .<######## ......
#.##


You could see a wraith (ally target) and a friendly iron imp (summoned).

Vanquished Creatures
  A kobold brigand (D:3)
  An elf zombie (Ossuary)
  A howler monkey (D:3)
  3 hounds (D:3)
  An orc wizard (D:3)
  4 mummies
  21 gnolls
  3 adders
  2 worms (D:2)
  2 dart slugs (D:2)
  21 orcs
  6 ball pythons
  3 bats (D:2)
  5 endoplasms
  A giant cockroach (D:2)
  A gnoll zombie (Ossuary)
  6 goblins
  2 hobgoblins
  9 jackals (D:3)
  5 kobolds
  2 quokkas (D:1)
  7 frilled lizards
  A goblin zombie (Ossuary)
  2 hobgoblin zombies
  3 kobold zombies (Ossuary)
  3 rats
116 creatures vanquished.

Vanquished Creatures (collateral kills)
  A jackal (D:3)
1 creature vanquished.

Vanquished Creatures (others)
  2 plants (D:3)
2 creatures vanquished.

Grand Total: 119 creatures vanquished

Notes
Turn   | Place    | Note
-------+----------+-------------------------------------------
     0 | D:1      | Dirtsage the Demonspawn Fighter began the quest for the
                  | Orb.
     0 | D:1      | Reached XP level 1. HP: 18/18 MP: 1/1
   401 | D:1      | Discovered your monstrous ancestry.
   401 | D:1      | Gained mutation: You have large cloven feet. [demonic
                  | ancestry]
   401 | D:1      | Reached XP level 2. HP: 24/24 MP: 2/2
   808 | D:2      | Found a faded altar of an unknown god.
   811 | D:2      | Reached skill level 1 in Unarmed Combat
   854 | D:2      | Reached XP level 3. HP: 22/29 MP: 3/3
  1005 | D:2      | Reached skill level 2 in Unarmed Combat
  1384 | D:2      | Gained mutation: You have a pair of small horns on your
                  | head. [demonic ancestry]
  1384 | D:2      | Reached XP level 4. HP: 35/35 MP: 4/4
  1569 | D:3      | Reached skill level 3 in Unarmed Combat
  1624 | D:3      | Found a hide-covered altar of Uskayaw.
  1761 | D:3      | Reached XP level 5. HP: 38/41 MP: 5/5
  1764 | D:3      | Reached skill level 4 in Unarmed Combat
  1997 | D:3      | Reached skill level 5 in Unarmed Combat
  1997 | D:3      | Gained mutation: A weak demonic guardian rushes to your
                  | aid. [demonic ancestry]
  1997 | D:3      | Reached XP level 6. HP: 22/47 MP: 6/6
  2377 | D:3      | Reached skill level 6 in Unarmed Combat
  2640 | D:3      | Gained mutation: You have a pair of horns on your head.
                  | [demonic ancestry]
  2640 | D:3      | Reached XP level 7. HP: 40/52 MP: 7/7
  2816 | D:3      | Found a snail-covered altar of Cheibriados.
  2827 | D:3      | Found a shimmering altar of Xom.
  2829 | D:3      | Found a faded altar of an unknown god.
  2831 | D:3      | Found a faded altar of an unknown god.
  3468 | D:4      | Found a sand-covered staircase.
  3476 | Ossuary  | Entered an ossuary
  3476 | Ossuary  | Noticed a wraith
  3476 | Ossuary  | Noticed a wraith
  3476 | Ossuary  | Noticed a wraith
  3871 | Ossuary  | Noticed a wraith
  3897 | D:4      | Slain by a wraith

Illustrated notes

Levels and vault maps discovered:
D:1:      dpeg_arrival_another_circle, layout_basic
D:2:      layout_basic, hellmonk_ecumenical_altar_heavens_door,
          dreamdust_wishing_well, minmay_puff
D:3:      lemuel_castle_with_subvaults [lemuel_castle_interior_carwin_1],
          layout_loops_corners, chequers_temple_overflow_minitemple,
          nicolae_uskayaw_dance_hall, kennysheep_path_1
D:4:      minmay_clustersquares, layout_loops_ring, nicolae_ossuary_entry_giza,
          nicolae_hexahallways

Skill      XL: |  1  2  3  4  5  6 |
---------------+-------------------+-----
Maces & Flails | 2 |  2.5
Unarmed Combat | 1 2 3 5 6 |  6.9
Fighting       | |  3.2
Armour         | |  2.6
Shields        | |  2.9

Action                     |  1- 3 |  4- 6 |  7- 9 || total
---------------------------+-------+-------+-------++-------
  Melee: Flail             |   104 |    14 |       ||   118
         Kick              |    17 |    53 |    20 ||    90
         Unarmed           |     2 |   193 |    83 ||   278
         Headbutt          |       |    36 |    19 ||    55
    Use: Potion            |       |     3 |     3 ||     6
         Scroll            |       |       |     1 ||     1
 Armour: Scale mail        |    29 |       |       ||    29
         Chain mail        |     9 |    72 |    23 ||   104
  Dodge: Dodged            |    63 |   108 |    32 ||   203
  Block: Buckler           |    19 |    37 |    13 ||    69

Table legend: (Time is in decaauts)
 A = Elapsed time spent in this place.
 B = Non-inter-level travel time spent in this place.
 C = Inter-level travel time spent in this place.
 D = Time resting spent in this place.
 E = Time spent auto-exploring this place.
 F = Levels seen in this place.
 G = Mean time per level.
                   A        B        C        D        E       F      G
               +--------+--------+--------+--------+--------+-----+--------+
         Total |   3915 |   3778 |    137 |      2 |   2790 |   5 |  783.0 |
       Dungeon |   3505 |   3368 |    137 |      2 |   2474 |   4 |  876.2 |
       Ossuary |    410 |    410 |      0 |      0 |    316 |   1 |  410.0 |
               +--------+--------+--------+--------+--------+-----+--------+

Top non-repeatable levels by time:
     D:3: 1756 daAuts
     D:2: 812 daAuts
     D:1: 781 daAuts
 Ossuary: 410 daAuts
     D:4: 155 daAuts
